 Dungeon Crawl Stone Soup version 0.29.1 (webtiles) character file.

Game seed: 14957847909267173119

6090 qw the Cleaver (level 10, -7/88 HPs)
             Began as a Minotaur Berserker on Sept 13, 2022.
             Was an Elder of Trog.
             Killed by vampiric draining
             ... invoked by a vampire
              (15 damage)
             ... on level 11 of the Dungeon.
             The game lasted 00:03:13 (9771 turns).

qw the Cleaver (Minotaur Berserker)                 Turns: 9771, Time: 00:03:13

Health: -7/88      AC: 16    Str: 26    XL:     10   Next: 58%
Magic:  9/9        EV:  7    Int: 10    God:    Trog [****..]
Gold:   169        SH:  8    Dex:  7    Spells: 9/9 levels left

rFire   . . .      SeeInvis .   n - +3 war axe "Yreets" {venom, rElec rC+ Dex+2}
rCold   + + +      Faith    .   c - +3 buckler of the Volcano {rPois rC++ Dex-5}
rNeg    . . .      Spirit   .   d - +0 plate armour
rPois   +          Reflect  .   (helmet restricted)
rElec   +          Harm     .   (no cloak)
rCorr   .          Rampage  .   (no gloves)
Will    .....                   f - +2 pair of boots
Stlth   ..........              g - amulet of regeneration
HPRegen 1.04/turn               k - +6 ring of intelligence
MPRegen 0.11/turn               (no ring)

@: on berserk cooldown, slowed, very slow
A: horns 2, retaliatory headbutt, electricity resistance
a: Renounce Religion, Berserk, Trog's Hand, Brothers in Arms


You were on level 11 of the Dungeon.
You worshipped Trog.
Trog was greatly pleased with you.
You visited 1 branch of the dungeon, and saw 9 of its levels.

You collected 475 gold pieces.
You spent 306 gold pieces at shops.


Innate Abilities, Weirdness & Mutations

You have a pair of horns on your head.
You reflexively headbutt those who attack you in melee.
You are resistant to electric shocks. (rElec)


   Skills:
 - Level 8.0 Fighting
 + Level 14.1 Axes
 - Level 4.1 Throwing
 - Level 7.3 Armour
 - Level 2.1 Dodging
 - Level 6.9 Shields


You had 9 spell levels left.
You didn't know any spells.
Your spell library was empty.

Inventory:

Hand Weapons
 h - a +0 morningstar
 n - the +3 war axe "Yreets" (weapon) {venom, rElec rC+ Dex+2}
   (You found it on level 6 of the Dungeon)

   It poisons the flesh of those it strikes.
   Dex:       It affects your dexterity (+2).
   rC:        It protects you from cold.
   rElec:     It insulates you from electricity.
Missiles
 o - 3 silver boomerangs (quivered)
Armour
 c - the +3 buckler of the Volcano (worn) {rPois rC++ Dex-5}
   (You acquired it on level 3 of the Dungeon)

   Dex:       It affects your dexterity (-5).
   rC:        It greatly protects you from cold.
   rPois:     It protects you from poison.
 d - a +0 plate armour (worn)
 f - a +2 pair of boots (worn)
Jewellery
 e - an amulet of guardian spirit
 g - an amulet of regeneration (around neck)
 k - a +6 ring of intelligence (left hand)
 l - a ring of resist corrosion
Scrolls
 i - 4 scrolls of identify
 j - 2 scrolls of teleportation
Potions
 a - 4 potions of mutation
 b - 6 potions of curing
 m - 2 potions of haste

Dungeon Overview and Level Annotations

Branches:
Dungeon (8/15)             Temple (0/1) D:7
   Lair: D:8-11

Altars:
Cheibriados
Elyvilon
Gozag
Kikubaaqudgha
Makhleb
Nemelex Xobeh
Ru
Vehumet
Xom
Yredelemnul
Zin

Shops:
D:3 !   D:6 ?**(*=

Annotations:
D:5 1 runed translucent door, Crazy Yiuf


Message History

Something bites you.
Something draws strength from your injuries!
You miss something. Your headbutt misses something. Something hits you.
Something bites you but does no damage.
You closely miss something. Something hits you.
Something bites you but does no damage. Something hits you.
Something bites you but does no damage.
You barely miss something. Something hits you but does no damage.
Something bites you but does no damage.
You slash something! Something hits you but does no damage.
Something bites you.
Something draws strength from your injuries!
You closely miss something. You headbutt something.
Something draws life force from you!
You miss something. Your headbutt misses something. Something hits you.
Something bites you!
Something draws strength from your injuries!
Something hits you but does no damage. Something bites you but does no damage.
You closely miss something. Something hits you! Something bites you!
Something draws strength from your injuries!
You hit something. Something hits you but does no damage.
You block something's attack.
You miss something. Something hits you. Something bites you.
Something draws strength from your injuries!
You slash something!
You hear some strange, mumbled words.
You are confused.
Something hits you but does no damage. Something bites you but does no damage.
9769 ||| DRINKING 7 potions of curing.
You feel better.
9769 ||| (to cure confusion)
Something draws life force from you!
You hit something. Your headbutt misses something.
You block something's attack. Something bites you but does no damage.
You hear some strange, mumbled words.
Something tries to affect you, but you resist.
You hit something. Something draws life force from you!
You die...

...##...###..........
.#.#......#..........
#...#...............
.###....#.#.........#
}.....#.#.....(......
#.......##...........
#...............
#.....#.####....
#.....{@.......
#)....#)#......
#(........####.
#.....##.## #..... ..
..### ..# .. ... ...#


There were no monsters in sight!

Vanquished Creatures
  A two-headed ogre (D:11)
  Pikel (D:4)
  Joseph (D:7)
  2 unseen horror zombies (D:8)
  A troll (D:11)
  Prince Ribbit (D:5)
  Sigmund (D:2)
  Menkaure (D:7)
  Duvessa (D:7)
  An acid dragon (D:7)
  A water moccasin (D:7)
  3 orc warriors
  An ice beast (D:7)
  2 black bears
  3 ogres
  2 centaurs
  3 lemures (D:4)
  2 bullfrogs (D:6)
  2 necrophages
  A gnoll sergeant (D:4)
  2 wyvern zombies (D:8)
  2 scorpions
  11 wights (D:8)
  Dowan (D:7)
  3 killer bees (D:8)
  A howler monkey (D:8)
  2 hounds (D:6)
  4 jellies
  A human zombie (D:8)
  2 orc priests
  2 iguanas
  An orc wizard (D:6)
  Ijyb (D:4)
  A killer bee zombie (D:8)
  3 mummies
  A howler monkey zombie (D:8)
  10 adders
  14 gnolls
  3 shadow imps
  A white imp (D:5)
  2 ufetubi
  A worm (D:4)
  4 dart slugs
  18 orcs
  3 bat zombies (D:5)
  14 endoplasms
  3 giant cockroaches
  6 goblins
  6 hobgoblins
  7 jackals
  2 quokkas
  6 ball pythons
  4 bats (D:1)
  5 frilled lizards
  14 kobolds
  2 kobold zombies (D:7)
  2 orc zombies (D:7)
  6 rats
202 creatures vanquished.

Vanquished Creatures (others)
  3 fungi (D:2)
  5 toadstools (D:2)
8 creatures vanquished.

Grand Total: 210 creatures vanquished

Notes
Turn   | Place    | Note
-------+----------+-------------------------------------------
     0 | D:1      | qw the Minotaur Berserker began the quest for the Orb.
     0 | D:1      | Reached XP level 1. HP: 19/19 MP: 0/0
     0 | D:1      | 0 ||| qw: Version: 0.1-a-119-g272c26d
     0 | D:1      | 0 ||| qw: Game counter: 11085
     0 | D:1      | 0 ||| qw: Always use a shield: true
     0 | D:1      | 0 ||| qw: Do Orc after D:15 true
     0 | D:1      | 0 ||| qw: Do second Lair branch before Depths: true
     0 | D:1      | 0 ||| qw: Lair rune preference: random
     0 | D:1      | 0 ||| qw: Plans: Normal
     0 | D:1      | 0 ||| PLANNING D:1-11
   242 | D:1      | Reached skill level 4 in Axes
   286 | D:1      | Reached XP level 2. HP: 19/26 MP: 1/1
   586 | D:1      | 586 ||| Stepping ~*~*~tactically~*~*~ (stealth).
   588 | D:1      | 588 ||| Stepping ~*~*~tactically~*~*~ (stealth).
   593 | D:1      | Reached ** piety under Trog
   734 | D:1      | Reached skill level 5 in Axes
   747 | D:1      | 747 ||| DROPPING orb of mayhem.
   748 | D:1      | 748 ||| READING scroll labelled HISTRI LOIRUR.
   749 | D:1      | 749 ||| READING scroll labelled EPNASE OX OSO.
   775 | D:2      | Noticed Sigmund
   776 | D:2      | 776 ||| INVOKING Berserk.
   781 | D:2      | Killed Sigmund
   782 | D:2      | Reached skill level 7 in Axes
   782 | D:2      | Reached XP level 3. HP: 31/31 MP: 2/2
   782 | D:2      | Reached XP level 4. HP: 39/39 MP: 3/3
   782 | D:2      | Reached XP level 5. HP: 45/45 MP: 4/4
   800 | D:2      | 800 ||| STAIRDANCE
  1081 | D:2      | 1081 ||| INVOKING Berserk.
  1302 | D:2      | 1302 ||| Stepping ~*~*~tactically~*~*~ (stealth).
  1303 | D:2      | 1303 ||| Stepping ~*~*~tactically~*~*~ (stealth).
  1314 | D:2      | 1314 ||| Stepping ~*~*~tactically~*~*~ (stealth).
  1352 | D:2      | 1352 ||| Stepping ~*~*~tactically~*~*~ (stealth).
  1354 | D:2      | 1354 ||| Stepping ~*~*~tactically~*~*~ (stealth).
  1357 | D:2      | 1357 ||| Stepping ~*~*~tactically~*~*~ (stealth).
  1362 | D:2      | 1362 ||| INVOKING Berserk.
  1368 | D:2      | Reached skill level 8 in Axes
  1368 | D:2      | Reached XP level 6. HP: 52/52 MP: 5/5
  1516 | D:2      | 1516 ||| UPGRADING to +0 chain mail.
  1526 | D:2      | 1526 ||| DROPPING +0 animal skin.
  1527 | D:2      | 1527 ||| UPGRADING to +0 pair of boots.
  1532 | D:2      | 1532 ||| UPGRADING to amulet of regeneration.
  1537 | D:2      | 1537 ||| READING 2 scrolls labelled NUODUPL CAXTEL.
  1538 | D:2      | 1538 ||| READING scroll of enchant armour.
  1538 | D:2      | 1538 ||| ENCHANTING +0 pair of boots.
  1539 | D:2      | 1539 ||| READING 2 scrolls labelled TOUJ TAEKHLEADI.
  1540 | D:2      | 1540 ||| READING scroll labelled UQE ATUEREM.
  1785 | D:3      | Found Nogyohil's Distillery.
  1789 | D:3      | 1789 ||| SHOPLISTING 2 potions of cancellation (224 gold,
                  | have 98).
  1789 | D:3      | 1789 ||| SHOPLISTING 2 potions of heal wounds (140 gold,
                  | have 98).
  1789 | D:3      | 1789 ||| BUYING potion of curing (42 gold).
  1789 | D:3      | Bought a potion of curing for 42 gold pieces
  1789 | D:3      | 1789 ||| BUYING potion of curing (42 gold).
  1789 | D:3      | Bought a potion of curing for 42 gold pieces
  1789 | D:3      | 1789 ||| SHOPLISTING potion of haste (140 gold, have 14).
  1807 | D:3      | Identified the +6 dagger of the Eight Nightingales {freeze,
                  | *Slow Int+5 Stlth+}
  1888 | D:3      | 1888 ||| INVOKING Berserk.
  1892 | D:3      | Reached skill level 9 in Axes
  2052 | D:3      | 2052 ||| Stepping ~*~*~tactically~*~*~ (hiding).
  2213 | D:3      | 2213 ||| SWAPPING to +0 war axe.
  2214 | D:3      | 2214 ||| DROPPING +0 hand axe.
  2313 | D:3      | 2313 ||| Stepping ~*~*~tactically~*~*~ (stealth).
  2314 | D:3      | 2314 ||| Stepping ~*~*~tactically~*~*~ (stealth).
  2334 | D:3      | Reached *** piety under Trog
  2488 | D:3      | Reached skill level 3 in Armour
  2522 | D:3      | Found a sacrificial altar of Ru.
  2522 | D:3      | Found a white marble altar of Elyvilon.
  2586 | D:3      | Found a sparkling altar of Nemelex Xobeh.
  2743 | D:3      | 2743 ||| UPGRADING to +6 ring of intelligence.
  2744 | D:3      | 2744 ||| DROPPING ring of flight.
  2745 | D:3      | 2745 ||| READING scroll labelled WOINIPIDYO.
  2745 | D:3      | Identified a scroll of acquirement
  2745 | D:3      | 2745 ||| ACQUIRING +3 buckler of the Volcano {rPois rC++
                  | Dex-5}
  2745 | D:3      | Acquired the +3 buckler of the Volcano {rPois rC++ Dex-5}
  2747 | D:3      | 2747 ||| UPGRADING to +3 buckler of the Volcano {rPois rC++
                  | Dex-5}.
  2752 | D:3      | 2752 ||| READING scroll labelled KICUOS LISOFAO.
  2753 | D:3      | 2753 ||| READING scroll labelled UNUTATZETU.
  2754 | D:3      | 2754 ||| READING scroll labelled BERYOBRAMAY.
  2755 | D:3      | 2755 ||| READING scroll labelled JAOTINOAMM.
  2756 | D:3      | 2756 ||| DRINKING 2 dark potions.
  2756 | D:3      | Gained mutation: You are resistant to electric shocks.
                  | (rElec) [potion of mutation]
  2778 | D:4      | Reached skill level 1 in Shields
  2778 | D:4      | Reached XP level 7. HP: 53/59 MP: 6/6
  2904 | D:4      | 2904 ||| Stepping ~*~*~tactically~*~*~ (stealth).
  2910 | D:4      | Found an opulent altar of Gozag.
  2924 | D:4      | Noticed Pikel
  2929 | D:4      | 2929 ||| INVOKING Berserk.
  2939 | D:4      | Killed Pikel
  2940 | D:4      | Reached skill level 6 in Shields
  2940 | D:4      | Reached XP level 8. HP: 66/66 MP: 7/7
  3052 | D:4      | 3052 ||| DROPPING +0 mace.
  3177 | D:4      | 3177 ||| Stepping ~*~*~tactically~*~*~ (stealth).
  3180 | D:4      | 3180 ||| Stepping ~*~*~tactically~*~*~ (stealth).
  3195 | D:4      | 3195 ||| DROPPING +0 whip of flaming.
  3436 | D:4      | 3436 ||| DROPPING +0 flail.
  3530 | D:4      | 3530 ||| Stepping ~*~*~tactically~*~*~ (hiding).
  3655 | D:4      | Noticed Ijyb
  3656 | D:4      | 3656 ||| INVOKING Berserk.
  3660 | D:4      | Killed Ijyb
  4276 | D:4      | 4276 ||| DROPPING amulet of the acrobat.
  4277 | D:4      | 4277 ||| DRINKING 2 murky orange potions.
  4294 | D:5      | Entered Level 5 of the Dungeon
  4399 | D:5      | 4399 ||| Stepping ~*~*~tactically~*~*~ (hiding).
  4530 | D:5      | 4530 ||| INVOKING Berserk.
  4640 | D:5      | Found a shimmering altar of Xom.
  4783 | D:5      | 4783 ||| INVOKING Berserk.
  4933 | D:5      | Reached skill level 10 in Axes
  5105 | D:5      | Noticed Prince Ribbit
  5109 | D:5      | 5109 ||| INVOKING Berserk.
  5114 | D:5      | Killed Prince Ribbit
  5115 | D:5      | Reached skill level 6 in Fighting
  5415 | D:5      | Found a runed translucent door.
  5416 | D:5      | Noticed Crazy Yiuf
  5456 | D:5      | 5456 ||| Stepping ~*~*~tactically~*~*~ (hiding).
  5626 | D:5      | Found an ancient bone altar of Kikubaaqudgha.
  5785 | D:5      | 5785 ||| READING scroll labelled IRHI PIRPHONOE.
  5786 | D:5      | 5786 ||| DRINKING 2 sedimented pink potions.
  5787 | D:5      | 5787 ||| READING 4 scrolls of identify.
  5787 | D:5      | 5787 ||| IDENTIFYING ruby potion
  5788 | D:5      | 5788 ||| READING 3 scrolls of identify.
  5788 | D:5      | 5788 ||| IDENTIFYING green potion
  5789 | D:5      | 5789 ||| READING 2 scrolls of identify.
  5789 | D:5      | 5789 ||| IDENTIFYING coppery potion
  5790 | D:5      | 5790 ||| DROPPING potion of attraction.
  5791 | D:5      | 5791 ||| DROPPING potion of degeneration.
  5792 | D:5      | 5792 ||| DROPPING potion of invisibility.
  5793 | D:5      | 5793 ||| DROPPING potion of brilliance.
  5836 | D:6      | Found Botogauc's Antique Weapon Emporium.
  5842 | D:6      | 5842 ||| BUYING morningstar (136 gold).
  5842 | D:6      | Bought a morningstar for 136 gold pieces
  5842 | D:6      | 5842 ||| DROPPING +1 flail of draining.
  5858 | D:6      | Found Yxtueple's General Store.
  5871 | D:6      | 5871 ||| SHOPLISTING +0 chain mail of fire resistance (161
                  | gold, have 42).
  5871 | D:6      | 5871 ||| SHOPLISTING +1 scale mail of Gehenna {-Tele rN+++
                  | Will+ Dex+6} (674 gold, have 42).
  5871 | D:6      | 5871 ||| BUYING scroll of teleportation (42 gold).
  5871 | D:6      | Bought a scroll of teleportation for 42 gold pieces
  6017 | D:6      | 6017 ||| INVOKING Berserk.
  6029 | D:6      | 6029 ||| Stepping ~*~*~tactically~*~*~ (stealth).
  6033 | D:6      | 6033 ||| FLEEEEING.
  6048 | D:6      | 6048 ||| FLEEEEING.
  6049 | D:6      | 6049 ||| FLEEEEING.
  6050 | D:6      | 6050 ||| FLEEEEING.
  6051 | D:6      | 6051 ||| STAIRDANCE
  6195 | D:5      | 6195 ||| DRINKING 3 bubbling golden potions.
  6251 | D:5      | 6251 ||| DROPPING 2 potions of lignification.
  6390 | D:6      | Reached skill level 11 in Axes
  6391 | D:6      | 6391 ||| FLEEEEING.
  6431 | D:6      | 6431 ||| Stepping ~*~*~tactically~*~*~ (hiding).
  6580 | D:6      | 6580 ||| INVOKING Berserk.
  6584 | D:6      | Reached XP level 9. HP: 78/78 MP: 8/8
  6744 | D:6      | Found Zin's Purification Station.
  6747 | D:6      | Found a glowing silver altar of Zin.
  6750 | D:6      | 6750 ||| SHOPLISTING potion of curing (90 gold, have 35).
  6775 | D:6      | Found Ynganon's Jewellery Emporium.
  6785 | D:6      | 6785 ||| SHOPLISTING +4 ring of evasion (504 gold, have
                  | 35).
  6785 | D:6      | 6785 ||| SHOPLISTING +6 ring of strength (504 gold, have
                  | 35).
  6785 | D:6      | 6785 ||| SHOPLISTING ring "Vyaxuc" {Ice Str+9} (712 gold,
                  | have 35).
  6785 | D:6      | 6785 ||| SHOPLISTING ring of see invisible (210 gold, have
                  | 35).
  6785 | D:6      | 6785 ||| SHOPLISTING ring of willpower (350 gold, have 35).
  6856 | D:6      | 6856 ||| INVOKING Berserk.
  6991 | D:6      | Found Idergh's Assorted Antiques.
  6992 | D:6      | 6992 ||| Stepping ~*~*~tactically~*~*~ (stealth).
  6995 | D:6      | 6995 ||| Stepping ~*~*~tactically~*~*~ (stealth).
  7040 | D:6      | 7040 ||| SHOPLISTING plate armour (713 gold, have 47).
  7040 | D:6      | 7040 ||| SHOPLISTING potion of mutation (248 gold, have
                  | 47).
  7040 | D:6      | 7040 ||| SHOPLISTING scroll of identify (62 gold, have 47).
  7089 | D:6      | 7089 ||| INVOKING Berserk.
  7199 | D:6      | Identified the +3 war axe "Yreets" {venom, rElec rC+ Dex+2}
  7201 | D:6      | 7201 ||| SWAPPING to +3 war axe "Yreets" {venom, rElec rC+
                  | Dex+2}.
  7202 | D:6      | 7202 ||| DROPPING +1 war axe.
  7210 | D:6      | Found Tat Puof's Magic Scroll Boutique.
  7213 | D:6      | 7213 ||| SHOPLISTING scroll of enchant weapon (82 gold,
                  | have 47).
  7213 | D:6      | 7213 ||| BUYING scroll of identify (22 gold).
  7213 | D:6      | Bought a scroll of identify for 22 gold pieces
  7213 | D:6      | 7213 ||| BUYING scroll of identify (22 gold).
  7213 | D:6      | Bought a scroll of identify for 22 gold pieces
  7213 | D:6      | 7213 ||| SHOPLISTING scroll of identify (22 gold, have 3).
  7213 | D:6      | 7213 ||| SHOPLISTING scroll of teleportation (33 gold, have
                  | 3).
  7375 | D:6      | Found a burning altar of Makhleb.
  7384 | D:6      | 7384 ||| READING scroll labelled COGIULLOIG.
  7485 | D:6      | 7485 ||| READING scroll labelled HELLUEGUDI.
  7519 | D:7      | Noticed Dowan
  7520 | D:7      | Noticed Duvessa
  7526 | D:7      | 7526 ||| INVOKING Berserk.
  7534 | D:7      | Killed Duvessa
  7534 | D:7      | Killed Dowan
  7535 | D:7      | Reached skill level 12 in Axes
  7752 | D:7      | Found a snail-covered altar of Cheibriados.
  7787 | D:7      | Found a radiant altar of Vehumet.
  7793 | D:7      | 7793 ||| INVOKING Berserk.
  7959 | D:7      | Found a staircase to the Ecumenical Temple.
  8030 | D:7      | Noticed Joseph
  8031 | D:7      | 8031 ||| Stepping ~*~*~tactically~*~*~ (hiding).
  8036 | D:7      | 8036 ||| Stepping ~*~*~tactically~*~*~ (hiding).
  8047 | D:7      | Killed Joseph
  8048 | D:7      | Reached skill level 13 in Axes
  8087 | D:7      | Noticed Menkaure
  8088 | D:7      | 8088 ||| Stepping ~*~*~tactically~*~*~ (hiding).
  8090 | D:7      | 8090 ||| INVOKING Berserk.
  8092 | D:7      | Killed Menkaure
  8486 | D:7      | 8486 ||| Stepping ~*~*~tactically~*~*~ (stealth).
  8501 | D:7      | 8501 ||| Stepping ~*~*~tactically~*~*~ (stealth).
  8516 | D:7      | 8516 ||| Stepping ~*~*~tactically~*~*~ (hiding).
  8590 | D:7      | 8590 ||| UPGRADING to +0 plate armour.
  8600 | D:7      | 8600 ||| DROPPING +0 chain mail.
  8601 | D:7      | 8601 ||| READING 4 scrolls of identify.
  8601 | D:7      | 8601 ||| IDENTIFYING brown potion
  8602 | D:7      | 8602 ||| DROPPING potion of flight.
  8697 | D:8      | 8697 ||| INVOKING Berserk.
  8702 | D:8      | Reached skill level 6 in Armour
  8888 | D:8      | Reached XP level 10. HP: 84/86 MP: 9/9
  9021 | D:8      | 9021 ||| Stepping ~*~*~tactically~*~*~ (hiding).
  9023 | D:8      | 9023 ||| Stepping ~*~*~tactically~*~*~ (hiding).
  9289 | D:8      | 9289 ||| READING scroll of enchant armour.
  9289 | D:8      | 9289 ||| ENCHANTING +1 pair of boots.
  9296 | D:8      | 9296 ||| INVOKING Berserk.
  9472 | D:8      | Reached **** piety under Trog
  9473 | D:8      | Reached skill level 14 in Axes
  9486 | D:8      | Found a basalt altar of Yredelemnul.
  9556 | D:8      | You fall into a shaft and drop 3 floors!
  9567 | D:11     | 9567 ||| INVOKING Berserk.
  9743 | D:11     | Noticed a two-headed ogre
  9745 | D:11     | 9745 ||| INVOKING Berserk.
  9749 | D:11     | Reached skill level 1 in Throwing
  9755 | D:11     | Killed a two-headed ogre
  9758 | D:11     | 9758 ||| DRINKING 8 potions of curing.
  9758 | D:11     | 9758 ||| (to cure confusion)
  9765 | D:11     | HP: 16/88 [something (9)]
  9765 | D:11     | HP: 7/88 [something (9)]
  9767 | D:11     | HP: 2/88 [something (5)]
  9769 | D:11     | 9769 ||| DRINKING 7 potions of curing.
  9769 | D:11     | 9769 ||| (to cure confusion)
  9771 | D:11     | Killed from afar by a vampire

Levels and vault maps discovered:
D:1:      dpeg_arrival_snail, layout_basic
D:2:      cheibrodos_fertilizer, layout_rooms, uniq_sigmund
D:3:      layout_loops_ring, nemelex_diamond_rough_becter,
          gammafunk_temple_overflow_statue, serial_shops,
          nicolae_shop_hallway_stairs, kennysheep_another_room,
          palyth_stone_intersect
D:4:      layout_layer_cave, nicolae_gozag_cash_rules_everything_around_me,
          uniq_ijyb, uniq_pikel
D:5:      layout_cave_pods, lemuel_zombie_altar_kikubaaqudgha,
          old_standard_altar, uniq_crazy_yiuf_cottage, uniq_prince_ribbit1
D:6:      layout_loops_ring, makhleb_blood_cavern_becter, zin_purify,
          serial_shops, shop, nicolae_lakefront_shop,
          nicolae_shop_overgrown_old_shop, nicolae_square_shop,
          kennysheep_mini_moat, nrook_campfire
D:7:      layout_loops_ring, vehumet_crystals, nicolae_overflow_crystal_walls,
          minmay_temple_entry_tees, amcnicky_mini_corridor_feature,
          nicolae_kite_square_tiling_tiny, minmay_mini_ossuary, uniq_joseph,
          uniq_duvessa, uniq_menkaure
D:8:      layout_loops_ring, lemuel_mausoleum_altar_yredelemnul
D:11:     layout_rooms, david_lair_generic

Skill      XL: |  1  2  3  4  5  6  7  8  9 10 |
---------------+-------------------------------+-----
Axes           | 4 7 8 9 11 13 14 | 14.1
Fighting       | 4 6 8 |  8.0
Armour         | 3 6 7 |  7.3
Shields        | 1 6 |  6.9
Throwing       | 4 |  4.1
Dodging        | |  2.1

Action                   |  1- 3 |  4- 6 |  7- 9 | 10-12 || total
-------------------------+-------+-------+-------+-------++-------
Melee: Hand axe          |    45 |    74 |       |       ||   119
       Headbutt          |     7 |     8 |    32 |    25 ||    72
       War axe           |       |    22 |   269 |   112 ||   403
       Punch             |       |     1 |       |       ||     1
Throw: Boomerang         |       |       |       |     3 ||     3
Invok: Berserk           |     1 |     3 |    13 |     3 ||    20
  Use: Scroll            |     2 |     9 |     7 |     1 ||    19
       Potion            |       |     1 |     3 |     2 ||     6
Armor: Animal skin       |     7 |     6 |       |       ||    13
       Chain mail        |       |    14 |    66 |       ||    80
       Plate armour      |       |       |     7 |    42 ||    49
Dodge: Dodged            |    18 |    37 |    63 |    18 ||   136
Block: Buckler           |       |     1 |    65 |    24 ||    90

Table legend:
 A = Non-vault XP
 B = Vault XP
 C = Vault XP percentage of total XP
 D = Non-vault monster count
 E = Vault monster count
 F = Vault count percentage of total count
                 A         B        C        D         E       F
            +---------+---------+-------+---------+---------+-------
      Total |    5160 |    3541 |  40.7 |     153 |      46 |  23.1
            +---------+---------+-------+---------+---------+-------
        D:1 |      35 |       0 |   0.0 |      22 |       0 |   0.0
        D:2 |      91 |     335 |  78.6 |      18 |      18 |  50.0
        D:3 |     225 |       0 |   0.0 |      21 |       0 |   0.0
        D:4 |     379 |     732 |  65.9 |      21 |       2 |   8.7
        D:5 |     356 |     274 |  43.5 |      13 |       4 |  23.5
        D:6 |     914 |      42 |   4.4 |      22 |       1 |   4.3
        D:7 |     495 |     868 |  63.7 |       6 |       9 |  60.0
        D:8 |    1318 |    1290 |  49.5 |      24 |      12 |  33.3
       D:11 |    1347 |       0 |   0.0 |       6 |       0 |   0.0
            +---------+---------+-------+---------+---------+-------
